Map: Winter's Gate LE

Players

musclesmark - Winner!

  • Race: Terran Terran
  • League: Platinum
  • Spawn Location: 5:00

pHARM

  • Race: Zerg Zerg
  • League: Platinum
  • Spawn Location: 11:00

VOD

Have the link to the VOD?

Description

Time

  • Played on: Sept. 4, 2019, 10:49 p.m.
  • Length: 41:14
Show
View Real Time Build Order
Export as new Build Order

musclesmark Terran - Winner!

Build Orders:  

Get SALT Encoding   

  12  0:01  SCV  
  13  0:14  SCV  
  14  0:18  Supply Depot  
  14  0:26  SCV  
  15  0:37  Refinery  
  15  0:40  SCV  
  16  0:49  Barracks  
  16  0:52  SCV  
  17  1:04  SCV  
  18  1:16  SCV  
  19  1:29  SCV  
  20  1:41  Command Center  
  20  1:44  SCV  
  21  1:54  Factory  
  21  2:06  Orbital Command  
  21  2:07  Barracks Tech Lab  
  21  2:28  Barracks  
  21  2:34  Marauder  
  23  2:41  Factory Tech Lab  
  23  2:45  Refinery  
  23  2:53  SCV, Supply Depot  
  23  2:55  Orbital Command  
  23  3:08  Bunker  
  23  3:10  SCV  
  24  3:16  Siege Tank  
  27  3:20  Barracks Reactor  
  27  3:24  SCV  
  28  3:30  Marine  
  29  3:39  SCV x2  
  31  3:48  Starport  
  31  3:52  Marine  
  32  3:58  Marine  
  32  3:59  Marine  
  32  4:01  Siege Tank  
  37  4:10  Marine  
  37  4:11  Command Center  
  37  4:13  SCV  
  37  4:14  SCV  
  40  4:18  Marine x2  
  42  4:25  SCV  
  42  4:26  SCV  
  42  4:30  Marine  
  45  4:35  Marine  
  46  4:50  Engineering Bay  
  46  4:51  Engineering Bay  
  46  4:55  Liberator  
  46  5:07  Supply Depot  
  46  5:09  Supply Depot  
  46  5:12  Marine  
  46  5:13  SCV x2  
  52  5:24  Marine x2  
  52  5:25  SCV x2  
  52  5:26  Siege Tank  
  59  5:30  Marine  
  60  5:37  SCV x2  
  60  5:41  Marine  
  60  5:42  Marine  
  63  5:48  Marine  
  60  5:59  Marine x2  
  62  6:06  Marine  
  59  6:13  Orbital Command  
  59  6:16  Siege Tank  
  59  6:17  Marine, Terran Infantry Armor Level 1, Terran Infantry Weapons Level 1  
  59  6:20  Armory  
  59  6:27  Command Center  
  59  6:32  Barracks  
  59  6:34  Barracks  
  59  6:40  SCV x3  
  59  6:45  Factory, Refinery  
  62  6:47  Refinery  
  62  6:52  SCV x2  
  64  6:56  SCV  
  64  7:01  Starport Reactor  
  65  7:03  Marine, Siege Tank  
  65  7:04  Marine, SCV  
  71  7:11  SCV x2  
  71  7:13  Marine  
  74  7:17  Terran Vehicle And Ship Armor Level 1  
  74  7:21  Marine x2  
  76  7:26  SCV x2  
  79  7:30  Marine, Barracks Reactor  
  79  7:32  Barracks Tech Lab  
  79  7:33  Factory Reactor  
  79  7:34  Drilling Claws  
  79  7:40  Marine x2  
  79  7:43  Stimpack  
  81  7:48  Marine  
  82  7:58  Marine x2  
  84  8:10  SCV  
  85  8:14  Marine x2  
  85  8:16  Marine, Marauder x2  
  85  8:17  Marine  
  85  8:19  Combat Shield  
  90  8:32  Planetary Fortress  
  90  8:37  Marauder  
  92  8:48  Terran Infantry Weapons Level 2  
  92  8:50  Terran Infantry Armor Level 2  
  92  8:57  Refinery  
  92  8:59  Refinery  
  92  9:05  Marine x2  
  92  9:06  Marine x4  
  98  9:14  Widow Mine, Missile Turret  
  98  9:15  Command Center, Missile Turret  
  100  9:24  Supply Depot x2  
  100  9:31  Supply Depot  
  100  9:38  Concussive Shells  
  100  9:45  Marine x2, Medivac  
  100  9:46  Marine x3, Siege Tank, SCV x2, Widow Mine x2  
  100  9:52  Marine, SCV x2, Medivac  
  121  9:58  SCV x2  
  123  10:03  Marine  
  123  10:06  Marine, Liberator x2  
  124  10:11  Marine  
  124  10:12  Marine x3  
  95  10:18  SCV x2  
  95  10:20  Widow Mine  
  95  10:21  Marine, Widow Mine x2  
  94  10:24  Marine  
  102  10:29  Marine x3  
  105  10:42  Siege Tank, Widow Mine  
  110  10:49  Liberator, Widow Mine  
  112  11:02  Planetary Fortress  
  112  11:03  Widow Mine  
  114  11:04  SCV x3  
  114  11:05  SCV  
  114  11:06  Viking  
  114  11:08  Terran Infantry Weapons Level 3  
  114  11:11  Widow Mine  
  125  11:16  SCV x2  
  125  11:17  SCV x2  
  129  11:24  Marine  
  129  11:25  Marine x5  
  135  11:36  Viking  
  137  11:42  Marine x2  
  139  11:54  Marine x2  
  139  11:58  Marine x2  
  139  12:03  Marine x2  
  139  12:05  SCV x2  
  139  12:06  Terran Infantry Armor Level 3  
  139  12:11  Marine x2  
  137  12:16  Marine x2  
  137  12:17  Supply Depot  
  137  12:19  Supply Depot  
  137  12:20  Supply Depot x2  
  137  12:21  Liberator x2, Starport  
  139  12:32  Refinery  
  139  12:34  Refinery  
  139  12:38  Marine x2  
  139  12:40  Marine  
  139  12:41  Command Center  
  148  12:44  Ghost Academy  
  148  12:47  Fusion Core, Armory  
  148  12:58  Ghost Academy  
  148  13:13  Command Center  
  148  13:17  Barracks  
  148  13:19  Command Center, Factory  
  146  13:22  Barracks  
  146  13:25  Missile Turret  
  146  13:30  Missile Turret  
  146  13:31  Missile Turret  
  146  13:43  Personal Cloaking  
  146  13:47  Command Center  
  146  13:51  Starport Tech Lab  
  146  13:53  Missile Turret  
  146  13:56  Planetary Fortress  
  146  14:03  Marauder x2  
  139  14:18  Liberator x3  
  139  14:23  Marine x2  
  139  14:24  Marine x2, Ghost, Marauder  
  156  14:45  Ghost  
  156  14:51  Advanced Ballistics  
  158  14:53  Marauder  
  158  14:58  Planetary Fortress  
  160  15:14  Marauder x2  
  160  15:18  Viking x3  
  168  15:31  Liberator x2  
  162  15:36  Marauder  
  168  15:54  SCV x2  
  168  15:55  SCV  
  167  15:58  Terran Vehicle And Ship Armor Level 2  
  167  16:00  Terran Ship Weapons Level 1  
  167  16:01  Hi-Sec Auto Tracking  
  167  16:02  Neosteel Armor  
  167  16:14  Liberator x2  
  167  16:27  Command Center  
  173  16:45  Command Center  
  173  16:48  Missile Turret  
  173  16:49  Missile Turret  
  173  16:55  Thor  
  173  16:58  Widow Mine x2  
  183  17:11  Factory x2, Missile Turret x2  
  183  17:12  SCV x4  
  187  17:16  Starport x2  
  187  17:17  Starport  
  187  17:18  Liberator, Starport, Missile Turret  
  187  17:22  Missile Turret  
  187  17:31  Ghost, Missile Turret  
  187  17:32  Ghost  
  187  17:34  Widow Mine  
  187  17:35  Widow Mine  
  187  17:36  Viking, Refinery  
  200  17:41  Refinery  
  200  17:44  Missile Turret  
  200  17:48  Missile Turret  
  200  17:54  Refinery, Terran Vehicle Weapons Level 1  
  200  17:55  Starport Reactor  
  200  17:56  Starport Reactor  
  200  17:57  Starport Tech Lab  
  200  17:58  Starport Reactor  
  200  18:01  Factory Tech Lab  
  200  18:10  Planetary Fortress x2  
  200  18:11  Factory Tech Lab  
  200  18:33  Liberator  
  200  18:34  Liberator x4  
  183  18:35  Liberator x5  
  124  18:47  Marine x6  
  124  19:04  Marine  
  124  19:05  Marine x5  
  130  19:16  Liberator x2  
  163  19:17  Liberator  
  130  19:20  SCV x2  
  130  19:22  Marine  
  130  19:23  Marine x5  
  133  19:33  SCV x2  
  133  19:37  Thor x3  
  161  19:38  Widow Mine  
  161  19:40  Marine x3  
  161  19:41  Marine x3  
  167  19:53  Command Center  
  167  19:58  Marine x6  
  173  20:16  Marine x6  
  173  20:20  Refinery  
  179  20:34  Marine x2  
  134  20:50  Liberator x3  
  126  21:04  Command Center  
  126  21:08  Viking x3  
  126  21:09  Viking x4  
  149  21:30  Command Center x2  
  149  21:32  Marine x4  
  151  21:33  Marine  
  151  21:35  Missile Turret  
  151  21:38  Medivac, Viking x2, Missile Turret x3  
  151  21:39  Medivac  
  162  21:40  Refinery x2, Sensor Tower  
  159  22:00  Marine  
  159  22:01  Marine x5  
  165  22:18  Marine x5  
  165  22:19  Marine  
  165  22:22  Liberator x2  
  171  22:36  Marine x2  
  162  22:37  Marauder x2, Thor x2  
  162  22:40  Viking  
  139  22:58  Marauder x2  
  106  23:05  Viking  
  106  23:06  Viking x4  
  99  23:14  Missile Turret x2  
  99  23:17  Planetary Fortress  
  99  23:18  Planetary Fortress  
  99  23:22  Missile Turret  
  67  23:48  Viking  
  67  23:49  Viking x8  
  69  24:13  Marine  
  69  24:14  Marine x5  
  63  24:26  Liberator  
  59  24:31  Marine  
  59  24:32  Marine x5  
  53  24:43  Cyclone  
  47  24:49  Marine, SCV x2  
  47  24:50  Marine x4, SCV x2  
  51  25:01  SCV  
  46  25:17  Marine x6  
  46  25:35  Marine x6  
  52  25:52  Marine  
  52  25:53  Marine x3  
  54  26:01  Marine  
  54  26:02  Marine  
  52  26:10  Marine  
  52  26:11  Marine x3  
  55  26:19  Marine  
  55  26:20  Marine  
  55  26:22  Siege Tank  
  58  26:28  Marine  
  58  26:29  Marine x3  
  62  26:37  Marine x2  
  64  26:46  Marine x3  
  64  26:47  Marine  
  68  26:56  Marauder  
  67  27:03  SCV  
  67  27:04  SCV  
  42  27:55  SCV  
  42  27:56  SCV x2  
  45  28:07  SCV  
  45  28:08  SCV x2  
  49  28:20  SCV x3  
  51  28:32  SCV x3  
  54  28:53  Marine x6  
  60  29:10  Marine  
  34  29:23  Marine  
  34  29:24  Marine x4  
  29  29:28  Marine  
  34  29:41  Marine x2  
  34  29:42  Marine, Marauder  
  39  29:52  SCV x2  
  41  30:04  Medivac x2  
  38  30:30  Orbital Command  
  38  30:33  Command Center  
  38  30:36  Marine x6  
  38  30:40  SCV  
  39  30:53  Marine  
  39  30:54  Marine x5  
  39  30:56  SCV x2  
  47  31:08  SCV  
  48  31:11  Marine  
  48  31:12  Marine x4  
  48  31:16  Liberator x2  
  53  31:27  SCV x2  
  53  31:31  Marine  
  56  31:39  SCV x2  
  64  31:49  Orbital Command  
  64  31:50  Liberator  
  64  31:51  SCV  
  65  31:55  SCV  
  66  32:03  SCV  
  66  32:07  SCV  
  71  32:15  SCV  
  72  32:19  SCV  
  73  32:27  SCV  
  74  32:37  Liberator  
  74  32:40  SCV x2  
  74  32:43  Widow Mine  
  74  32:44  Widow Mine x2  
  85  33:05  Siege Tank  
  65  33:37  Siege Tank  
  65  33:41  SCV x2  
  70  33:44  Marine x6  
  70  33:46  Medivac  
  70  33:47  Medivac x2  
  79  34:01  Marine  
  79  34:02  Marine x5  
  82  34:09  Siege Tank  
  84  34:16  Medivac  
  85  34:18  SCV x2  
  85  34:19  Marine  
  85  34:20  Marine x5, Medivac  
  95  34:37  Marine x4  
  99  34:43  Command Center  
  99  34:47  Refinery  
  99  34:48  Refinery  
  95  35:53  Liberator x3  
  77  35:59  Marine x2  
  77  36:00  Marine x4  
  77  36:02  Widow Mine x3  
  81  36:17  Marine x6  
  87  36:23  Widow Mine x2  
  87  36:24  Widow Mine  
  92  36:35  Marine x6  
  95  36:52  Marine  
  95  36:53  Marine x5  
  95  37:10  Marine  
  95  37:11  Marine x3, Marauder x2  
  95  37:13  Command Center  
  95  37:14  Command Center  
  99  37:28  Marine  
  99  37:29  Marine x3  
  101  37:33  Marauder x2  
  105  37:46  Marine x3  
  105  37:47  Marine  
  109  37:54  Marauder x2  
  113  38:04  Marine x2  
  108  38:10  Liberator  
  108  38:12  Marine x2  
  103  38:15  Widow Mine x3  
  103  38:16  Medivac, Marauder x2  
  103  38:17  Medivac  
  117  38:22  Marine x2  
  114  38:29  Marine, Liberator  
  114  38:30  Marine  
  119  38:36  Marine x2  
  119  38:39  Marine  
  109  39:16  Marauder  
  113  39:17  Marauder  
  111  39:38  Marauder x2  
  115  39:42  Planetary Fortress  
  115  39:43  Planetary Fortress  
  115  39:45  SCV  
  116  39:59  Marauder  
  120  40:00  Marauder  
  120  40:19  Refinery  
  120  40:21  Marauder  
  120  40:23  Refinery  
  118  40:31  Marine  
  118  40:32  Marine x4  
  117  40:41  Marine  
  118  40:53  Marine x5  
Show
View Real Time Build Order
Export as new Build Order

pHARM Zerg 

Build Orders: Hatch First 

Get SALT Encoding   

  12  0:00  Drone  
  13  0:12  Overlord  
  13  0:18  Drone  
  14  0:30  Drone x2  
  16  0:55  Drone  
  17  0:57  Drone  
  17  0:58  Hatchery  
  17  1:12  Spawning Pool  
  17  1:13  Drone  
  17  1:16  Drone  
  18  1:20  Drone  
  19  1:28  Drone  
  20  1:45  Overlord  
  20  2:01  Queen  
  20  2:05  Zergling x4  
  24  2:09  Queen  
  24  2:12  Overlord  
  24  2:13  Overlord  
  26  2:28  Drone x2  
  28  2:48  Drone x3  
  28  2:49  Drone  
  32  2:57  Drone x2  
  34  3:08  Drone x2  
  34  3:10  Queen x2  
  40  3:26  Drone x3  
  40  3:27  Drone  
  44  3:33  Extractor  
  43  3:37  Drone  
  43  3:38  Drone  
  45  3:42  Extractor  
  44  4:00  Hatchery  
  43  4:04  Drone  
  43  4:07  Drone  
  43  4:08  Drone x3  
  49  4:10  Drone x3  
  49  4:15  Extractor  
  50  4:21  Pneumatized Carapace  
  50  4:57  Drone  
  50  4:58  Zergling x2  
  52  5:01  Overlord x2  
  52  5:02  Overlord x2  
  52  5:12  Spine Crawler  
  51  5:16  Zergling x14  
  51  5:19  Overlord x2  
  58  5:21  Zergling x2  
  58  5:22  Zergling x2  
  49  5:48  Zergling x20  
  54  5:52  Metabolic Boost  
  52  6:02  Zergling x14  
  52  6:26  Drone x9  
  52  6:28  Queen x2  
  52  6:29  Queen  
  52  6:30  Overlord  
  67  6:41  Baneling Nest  
  67  6:45  Drone x4  
  67  6:46  Drone  
  71  7:04  Queen  
  73  7:09  Evolution Chamber  
  73  7:11  Evolution Chamber  
  71  7:21  Extractor  
  71  7:22  Lair  
  70  7:23  Extractor  
  70  7:25  Zergling x4  
  70  7:26  Zergling x20  
  77  7:42  Spore Crawler  
  76  7:46  Zergling x12  
  76  7:51  Spore Crawler  
  81  7:53  Spore Crawler  
  81  7:55  Drone x8  
  86  8:02  Queen  
  88  8:28  Drone x4  
  88  8:29  Drone  
  88  8:33  Zerg Ground Armor Level 1, Zerg Melee Weapons Level 1  
  93  8:42  Baneling  
  93  8:43  Baneling x26  
  93  8:54  Extractor  
  92  8:57  Hydralisk Den  
  91  9:06  Centrifical Hooks  
  91  9:10  Drone  
  91  9:11  Drone x2  
  91  9:15  Drone x3  
  97  9:23  Overlord x2  
  97  9:24  Overlord  
  97  9:29  Hatchery  
  96  9:36  Grooved Spines  
  96  9:39  Hydralisk x8  
  96  9:41  Overlord x2  
  77  10:21  Drone  
  77  10:22  Drone x13  
  77  10:28  Extractor  
  90  10:47  Muscular Augments  
  90  10:53  Zergling x2  
  90  10:54  Zergling x24  
  90  10:55  Infestation Pit  
  102  11:03  Zergling x2  
  103  11:20  Drone  
  103  11:24  Zerg Melee Weapons Level 2, Zerg Ground Armor Level 2  
  104  11:42  Hydralisk x10  
  117  12:03  Drone x4  
  117  12:06  Drone  
  110  12:24  Drone x3  
  110  12:26  Drone x3  
  110  12:28  Drone x2  
  111  12:45  Overseer x4  
  111  12:49  Spore Crawler  
  110  12:52  Drone  
  110  12:53  Drone x7  
  110  12:58  Baneling x17  
  118  12:59  Baneling x5  
  116  13:36  Hydralisk x18  
  148  14:22  Zergling x8  
  148  14:23  Overlord x14  
  152  14:41  Spire  
  152  14:44  Hive  
  148  15:05  Zerg Missile Weapons Level 1  
  144  16:07  Greater Spire  
  144  16:08  Ultralisk Cavern  
  143  16:27  Extractor  
  143  16:28  Zergling x22  
  143  16:29  Zergling x50  
  143  16:30  Zergling x10  
  143  16:32  Extractor  
  182  16:51  Baneling x18  
  182  16:53  Zergling x20  
  182  16:54  Zergling x2  
  193  16:55  Adrenal Glands  
  193  16:57  Chitinous Plating  
  193  17:31  Ultralisk  
  199  17:57  Hatchery  
  198  18:16  Anabolic Synthesis  
  133  18:47  Hydralisk x7  
  133  18:48  Hydralisk x19  
  134  18:50  Ultralisk  
  134  18:51  Ultralisk x5  
  169  19:33  Hydralisk x15  
  169  19:35  Ultralisk  
  195  19:58  Extractor  
  194  20:04  Drone, Infestor  
  194  20:06  Drone x2  
  199  20:12  Zerg Flyer Armor Level 1  
  192  20:49  Hydralisk x2  
  128  20:50  Hydralisk x26  
  128  20:51  Hydralisk  
  128  20:55  Ultralisk x2  
  146  21:09  Spore Crawler  
  141  21:29  Corruptor x3  
  141  21:30  Corruptor x15  
  175  21:48  Zergling x2  
  175  21:49  Zergling x26, Hatchery  
  188  22:09  Baneling  
  188  22:10  Baneling x18  
  188  22:12  Zergling x2  
  144  23:10  Swarm Host  
  144  23:11  Swarm Host  
  132  23:34  Hydralisk x6  
  132  23:35  Hydralisk x8  
  152  23:52  Extractor  
  133  24:11  Hydralisk x4  
  133  24:12  Hydralisk x6  
  110  24:44  Hydralisk  
  110  24:45  Hydralisk x8  
  125  24:55  Zergling x6  
  125  24:56  Zergling x8  
  132  25:19  Zerg Melee Weapons Level 3  
  128  25:39  Hydralisk x6  
  115  25:59  Zergling x2  
  115  26:00  Zergling x38  
  131  26:04  Corruptor  
  131  26:05  Corruptor  
  135  26:47  Baneling x14  
  82  27:25  Hydralisk x6  
  52  27:48  Zergling x14  
  52  27:49  Zergling x16  
  62  28:16  Baneling x16  
  62  28:18  Hatchery  
  49  28:46  Zergling x2  
  49  28:47  Zergling x28  
  43  29:24  Drone x5  
  47  30:14  Drone x4  
  47  30:15  Drone  
  48  30:37  Hydralisk  
  48  30:38  Hydralisk x5  
  57  31:14  Extractor  
  57  31:15  Extractor  
  55  31:47  Drone x3  
  55  31:48  Drone x12  
  70  31:54  Hatchery  
  63  32:49  Hatchery  
  62  33:18  Corruptor x4  
  70  33:22  Hatchery  
  69  33:37  Hatchery  
  68  34:14  Drone  
  68  34:15  Drone x20  
  89  34:33  Overseer  
  85  34:45  Extractor  
  84  34:47  Extractor  
  83  35:01  Spine Crawler  
  83  35:03  Spore Crawler  
  81  35:14  Baneling x9  
  81  35:15  Zergling x18  
  81  35:16  Zergling x12  
  44  36:10  Zergling x26  
  44  36:11  Zergling x8  
  49  37:15  Hydralisk x9  
  66  37:23  Drone x2  
  60  38:11  Drone  
  60  38:12  Drone x11  
  68  39:27  Hydralisk x12  
  92  39:38  Baneling x8  
  90  39:40  Baneling  
  80  40:25  Corruptor x5  
  43  41:14  Hatchery  
Tags
 
Matchup
TvZ
Replay Pack
10.7.19
Spawn Locations
Cross Positions
Add a new tag
Caveats
  • Supply blocks, unpowered buildings, or Contaminate may cause inaccurate times.
  • Supply counts are checked every 10 seconds.